 Dungeon Crawl Stone Soup version 0.22-a0-525-gf69a080 (webtiles) character file.

21056 Supahsalami the Severer (level 12, -15/110 HPs)
             Began as a Minotaur Berserker on June 19, 2018.
             Was a High Priest of Trog.
             Demolished by an iron troll (25 damage)
             ... summoned by the player character
             ... on level 13 of the Dungeon on June 20, 2018.
             The game lasted 01:06:36 (12072 turns).

Supahsalami the Severer (Minotaur Berserker)       Turns: 12072, Time: 01:06:37

Health: -15/110    AC: 17    Str: 26    XL:     12   Next: 50%
Magic:  14/14      EV: 13    Int:  4    God:    Trog [*****.]
Gold:   703        SH:  3    Dex: 11    Spells: 11/11 levels left

rFire    + . .     SeeInvis .   l - +7 great mace "Firestarter" {inner flame, rF++}
rCold    + . .     Gourm    .   (shield currently unavailable)
rNeg     . . .     Faith    .   M - +0 plate armour
rPois    .         Spirit   .   (helmet restricted)
rElec    .         Reflect  +   (no cloak)
rCorr    .         Harm     .   p - +1 pair of gloves
MR       ++...                  (no boots)
Stlth    ..........             s - +3 amulet of reflection
HPRegen  1.28/turn              X - ring of ice
MPRegen  0.14/turn              y - +5 ring of evasion

@: berserk cooldown, regenerating, slowed, very slow
A: retaliatory headbutt, horns 2
a: Berserk, Trog's Hand, Brothers in Arms, Renounce Religion


You were on level 13 of the Dungeon.
You worshipped Trog.
Trog was extremely pleased with you.
You were not hungry.

You visited 2 branches of the dungeon, and saw 14 of its levels.

You collected 703 gold pieces.

Inventory:

Hand Weapons
 l - the +7 great mace "Firestarter" (weapon) {inner flame, rF++}
   (You found it on level 11 of the Dungeon)

   It has been specially enchanted to burn those struck by it, causing extra
   injury to most foes and up to half again as much damage against particularly
   susceptible opponents.
   It greatly protects you from fire.
 t - a +1 mace of draining
 A - a +1 mace of holy wrath
 R - a +2 hand axe of chopping
 W - a +2 mace of protection
 Y - a +0 mace of crushing
Missiles
 a - 5 steel javelins
 n - 41 poisoned needles
 F - 9 curare-tipped needles
 J - 5 poisoned javelins
 T - 3 tomahawks (quivered)
Armour
 m - a +0 buckler
 p - a +1 pair of gloves (worn)
 r - a +0 shield
 M - a +0 plate armour (worn)
Jewellery
 k - an uncursed ring of fire
 s - a +3 amulet of reflection (around neck)
 y - a +5 ring of evasion (right hand)
 B - an uncursed amulet of guardian spirit
 L - an uncursed amulet of regeneration {unknown}
 P - an uncursed amulet of the gourmand
 X - a ring of ice (left hand)
Wands
 b - a wand of random effects (30)
 w - a wand of digging (43)
 x - a wand of paralysis (10)
 I - a wand of disintegration (10)
 K - a wand of iceblast (2)
 O - a wand of acid (10)
 Q - a wand of flame (16)
 V - a wand of scattershot (3)
Scrolls
 d - 3 scrolls of remove curse
 e - 4 scrolls of enchant weapon
 g - 10 scrolls of identify
 h - 3 scrolls of immolation
 o - 4 scrolls of teleportation
 u - 7 scrolls of enchant armour
 C - 2 scrolls of blinking {unknown}
 D - a scroll of random uselessness {unknown}
 E - 4 scrolls of magic mapping
 U - 2 scrolls of fear
 Z - a scroll of vulnerability {unknown}
Potions
 f - 4 potions of mutation
 i - 3 potions of cancellation
 j - a potion of brilliance
 q - 2 potions of curing
 v - a potion of agility
 H - a potion of flight
 N - a potion of lignification {unknown}
 S - a potion of might
Miscellaneous
 z - a phantom mirror
 G - a lamp of fire (inert)
Comestibles
 c - 20 rations


   Skills:
 + Level 11.0 Fighting
 * Level 16.7 Axes
 - Level 3.0 Throwing
 + Level 10.4 Armour
 - Level 2.5 Dodging
 - Level 1.8 Stealth
 - Level 5.3 Shields
 + Level 3.4 Unarmed Combat
 + Level 4.9 Evocations


You had 11 spell levels left.
You didn't know any spells.
Your spell library was empty.

Dungeon Overview and Level Annotations

Branches:
Dungeon (13/15)            Temple (1/1) D:5            Lair (0/6) D:8
    Orc (0/2) D:11
 Vaults: D:13-14

Altars:
Ashenzari
Cheibriados
Dithmenos
Elyvilon
Fedhas
Gozag
Hepliaklqana
Kikubaaqudgha
Makhleb
Nemelex Xobeh
Okawaru
Qazlal
Ru
Sif Muna
Trog
Uskayaw
Vehumet
Wu Jian
Xom
Yredelemnul
Zin
The Shining One

Shops:
D:8 [   D:9 *   D:10 =

Annotations:
D:3 2 transporters
D:7 exclusion: downstairs
D:8 exclusion: death yak
D:9 exclusion: upstairs
D:10 exclusion: door
D:11 exclusion: door


Innate Abilities, Weirdness & Mutations

You reflexively headbutt those who attack you in melee.
You have a pair of horns on your head.


Message History

Your iron troll claws the vault guard!!
Your iron troll claws the vault guard!
The vault guard explodes!
The fiery explosion engulfs you! You resist.
* * * LOW HITPOINT WARNING * * *
The fiery explosion engulfs your iron troll.
Your iron troll resists.
Your iron troll is lightly wounded.
Your Fighting skill increases to level 11!
The iron troll is engulfed in blazing flames.
The iron troll bites you.
* * * LOW HITPOINT WARNING * * *
The iron troll claws you!
* * * LOW HITPOINT WARNING * * *
The iron troll claws you but does no damage.
You feel better. You block the iron troll's attack. The iron troll claws you!
* * * LOW HITPOINT WARNING * * *
The iron troll misses you.
The iron troll is engulfed in blazing flames.
The iron troll bites you!!
You die...

*,,,#...#≈≈(.####..
#...'....≈≈≈()##...
#...#...o≈≈≈≈).....
#...#####≈≈≈≈(.....
#...# #≈≈≈≈.####.
****#...#####≈≈≈..# *,
*⌠,⌠#.%...§.'.....## *,
*,∩,+...#)).'(.....# *,
*⌠,⌠#.@T§))%'......# *,
****#.§§#####≈≈≈...#**,
#.§§# #≈≈≈≈..#*,,
#...#***#≈≈≈≈..#*,,
#%..#,,,.≈≈≈≈....,,
#%..',,,e≈≈≈≈..##,,
#$..#,,,#≈≈≈...#*,,
#####****≈≈,****,,,
***,,** **,,


You could see an iron troll (berserk).

Vanquished Creatures
  A fire dragon (D:11)
  Fannar (D:10)
  A hydra (D:11)
  A vault guard (D:13)
  Erica (D:9)
  An ogre mage (D:13)
  A two-headed ogre (D:10)
  An orc high priest (D:9)
  A deep elf knight (D:13)
  Sonja (D:10)
  An unseen horror (D:11)
  Pikel (D:8)
  An ugly thing (D:11)
  A cyclops (D:12)
  A manticore (D:11)
  Maurice (D:11)
  A gargoyle (D:13)
  A troll (D:12)
  A komodo dragon (D:9)
  2 hornets (D:10)
  2 hippogriffs (D:11)
  Sigmund (D:4)
  5 yaks
  Grum (D:9)
  A human (D:7)
  4 hogs (D:7)
  6 fire bats (D:11)
  A wyvern (D:7)
  2 hungry ghosts
  Menkaure (D:6)
  Duvessa (D:5)
  2 ice beasts
  3 slaves (D:8)
  4 orc warriors
  3 sky beasts
  A black bear (D:12)
  An eye of draining (D:11)
  A hornet zombie (D:9)
  8 ogres
  2 phantoms
  A necrophage (D:9)
  4 wolves (D:9)
  5 centaurs
  3 big kobolds
  9 bullfrogs
  A wyvern zombie (D:6)
  Blork the orc (D:6)
  A wyvern skeleton (D:10)
  A scorpion (D:12)
  Dowan (D:5)
  12 killer bees
  4 howler monkeys
  5 crimson imps
  3 quasits
  2 bullfrog zombies
  13 hounds
  Crazy Yiuf (D:4)
  3 bullfrog skeletons
  9 orc priests
  Ijyb (D:5)
  Terence (D:3)
  An iguana (D:6)
  9 worker ants
  10 orc wizards
  A killer bee zombie (D:6)
  A hound zombie (D:8)
  A howler monkey zombie (D:8)
  A worker ant zombie (D:9)
  11 adders
  4 gnolls (D:2)
  4 shadow imps
  An ooze (D:4)
  4 worms (D:2)
  2 adder skeletons
  An adder zombie (D:6)
  8 leopard geckos
  45 orcs
  7 giant cockroaches
  8 goblins
  7 hobgoblins
  11 jackals
  7 quokkas
  12 bats
  10 frilled lizards
  20 kobolds
  2 leopard gecko zombies
  2 quokka skeletons
  10 rats
352 creatures vanquished.

Vanquished Creatures (collateral kills)
  A stone giant (D:9)
  A hydra (D:12)
  A vault guard (D:13)
  A wizard (D:13)
4 creatures vanquished.

Vanquished Creatures (others)
  A centaur (D:10)
  A fungus (D:13)
  3 plants (D:13)
5 creatures vanquished.

Grand Total: 361 creatures vanquished

Notes
Turn   | Place    | Note
-------+----------+-------------------------------------------
     0 | D:1      | Supahsalami the Minotaur Berserker began the quest for the Orb.
     0 | D:1      | Reached XP level 1. HP: 19/19 MP: 0/0
    56 | D:1      | Reached XP level 2. HP: 20/27 MP: 1/1
   129 | D:1      | Reached skill level 4 in Axes
   324 | D:1      | Reached ** piety under Trog
   506 | D:1      | Reached XP level 3. HP: 31/33 MP: 2/2
   957 | D:3      | Found a transporter.
  1444 | D:2      | Reached skill level 5 in Axes
  1444 | D:2      | Reached XP level 4. HP: 41/41 MP: 3/3
  2034 | D:3      | Found a radiant altar of Vehumet.
  2067 | D:4      | Found a white marble altar of Elyvilon.
  2105 | D:3      | Noticed Terence
  2109 | D:3      | Reached XP level 5. HP: 46/47 MP: 4/4
  2114 | D:3      | Killed Terence
  2213 | D:3      | Reached *** piety under Trog
  2242 | D:3      | Found a shimmering altar of Xom.
  2243 | D:3      | Found a hazy altar of Hepliaklqana.
  2243 | D:3      | Noticed a yak
  2245 | D:3      | Noticed a spectral ugly thing
  2245 | D:3      | Noticed a yak
  2286 | D:3      | Found a transporter.
  2516 | D:4      | Reached skill level 5 in Fighting
  2516 | D:4      | Reached skill level 6 in Axes
  2698 | D:4      | Noticed Sigmund
  2713 | D:4      | Killed Sigmund
  2713 | D:4      | Reached XP level 6. HP: 56/56 MP: 5/5
  2786 | D:5      | Entered Level 5 of the Dungeon
  2897 | D:4      | Reached skill level 7 in Axes
  3074 | D:4      | Found a runed door.
  3078 | D:4      | Noticed Crazy Yiuf
  3083 | D:4      | Killed Crazy Yiuf
  3164 | D:6      | Noticed Duvessa
  3164 | D:6      | Noticed Dowan
  3176 | D:5      | Killed Dowan
  3176 | D:5      | Reached XP level 7. HP: 49/61 MP: 6/6
  3184 | D:5      | Killed Duvessa
  3184 | D:5      | Reached skill level 1 in Throwing
  3395 | D:5      | Found a staircase to the Ecumenical Temple.
  3417 | Temple   | Entered the Ecumenical Temple
  3445 | D:5      | Reached skill level 8 in Axes
  3445 | D:5      | Reached skill level 1 in Shields
  3488 | D:5      | Reached skill level 5 in Armour
  3490 | D:5      | Noticed Ijyb
  3503 | D:5      | Killed Ijyb
  3828 | D:5      | Found a burning altar of Makhleb.
  3935 | D:5      | Reached XP level 8. HP: 70/70 MP: 7/7
  4097 | D:6      | Reached skill level 9 in Axes
  4229 | D:6      | Noticed Blork the orc
  4231 | D:6      | Noticed Menkaure
  4244 | D:6      | Killed Blork the orc
  4251 | D:6      | Killed Menkaure
  4274 | D:6      | Reached **** piety under Trog
  4376 | D:6      | Reached skill level 10 in Axes
  4737 | D:7      | Reached skill level 11 in Axes
  4737 | D:7      | Reached XP level 9. HP: 66/78 MP: 8/8
  4887 | D:8      | Found a staircase to the Lair.
  4887 | D:8      | Noticed a death yak
  4887 | D:8      | Noticed a death yak
  4887 | D:8      | Noticed a death yak
  5255 | D:7      | Reached skill level 1 in Stealth
  5278 | D:7      | Reached skill level 12 in Axes
  5373 | D:7      | Reached skill level 5 in Shields
  5401 | D:7      | Found a bloodstained altar of Trog.
  5458 | D:7      | Found a sparkling altar of Nemelex Xobeh.
  5646 | D:8      | Found Wonlis's Armour Emporium.
  5694 | D:7      | Found a deep blue altar of Sif Muna.
  5694 | D:7      | Found a sacrificial altar of Ru.
  5714 | D:7      | Reached ***** piety under Trog
  6087 | D:8      | Reached XP level 10. HP: 66/86 MP: 9/9
  6389 | D:8      | Received a gift from Trog
  6466 | D:8      | Reached skill level 13 in Axes
  6511 | D:8      | Noticed Pikel
  6526 | D:8      | Killed Pikel
  6645 | D:9      | Noticed Erica
  6664 | D:9      | Killed Erica
  6664 | D:9      | Reached skill level 14 in Axes
  6864 | D:10     | Entered Level 10 of the Dungeon
  6902 | D:9      | Found Myroad Hoist's General Store.
  6916 | D:9      | Found a blossoming altar of Fedhas.
  7167 | D:9      | Found a large runed door.
  7205 | D:9      | Paralysed by an orc for 2 turns
  7293 | D:9      | Noticed Grum
  7342 | D:9      | Killed Grum
  7579 | D:9      | Found a large runed door.
  7904 | D:9      | Found a white marble altar of Elyvilon.
  7904 | D:9      | Noticed an orc high priest
  7914 | D:9      | Noticed a sun demon
  7916 | D:9      | Noticed a sun demon
  7920 | D:9      | Noticed an orange demon
  7920 | D:9      | Killed an orc high priest
  7920 | D:9      | Reached skill level 15 in Axes
  7920 | D:9      | Reached XP level 11. HP: 44/95 MP: 2/10
  7928 | D:9      | Noticed a stone giant
  7930 | D:9      | Killed a stone giant
  7932 | D:9      | Found a shimmering altar of Xom.
  8127 | D:10     | Noticed a two-headed ogre
  8134 | D:10     | Killed a two-headed ogre
  8134 | D:10     | Reached skill level 1 in Evocations
  8438 | D:10     | Noticed Sonja
  8926 | D:10     | Noticed Fannar
  9080 | D:10     | Killed Fannar
  9343 | D:10     | Found Kiryrah's Jewellery Shoppe.
  9350 | D:11     | Noticed a purple ugly thing
  9355 | D:11     | Killed a purple ugly thing
  9465 | D:10     | Killed Sonja
  9735 | D:11     | Noticed Maurice
  9752 | D:11     | Killed Maurice
 10074 | D:11     | Noticed a four-headed hydra
 10110 | D:11     | Reached skill level 16 in Axes
 10129 | D:11     | Received a gift from Trog
 10129 | D:11     | Reached skill level 10 in Fighting
 10159 | D:11     | Upgraded the game from 0.22-a0-515-g75794bf to 0.22-a0-525-gf69a080
 10277 | D:11     | Noticed a fire dragon
 10341 | D:11     | Found the +7 great mace "Firestarter" {inner flame, rF++}
 10654 | D:11     | Killed a four-headed hydra
 10654 | D:11     | Reached skill level 1 in Unarmed Combat
 10654 | D:11     | Reached XP level 12. HP: 77/107 MP: 14/14
 10852 | D:11     | Killed a fire dragon
 11016 | D:11     | Found a staircase to the Orcish Mines.
 11596 | D:12     | Reached skill level 10 in Armour
 11597 | D:12     | Received a gift from Trog
 11621 | D:12     | Noticed a four-headed hydra
 11642 | D:12     | Killed a four-headed hydra
 12050 | D:13     | Noticed an ogre mage
 12050 | D:13     | Noticed a vault guard
 12056 | D:13     | Killed a vault guard
 12059 | D:13     | Killed an ogre mage
 12063 | D:13     | Noticed a vault guard
 12070 | D:13     | Killed a vault guard
 12072 | D:13     | Demolished by an iron troll

Vault maps used:
D:1:      dpeg_arrival_radiant
D:3:      gammafunk_wand_slinger, regret_index_temple_of_mockery,
          vehumet_crystals, uniq_terence
D:4:      elyvilon_altar_5, first_ration, serial_bayou_pond_e, minivault_5,
          uniq_sigmund, uniq_crazy_yiuf_cottage
D:5:      bloody_makhleb, minmay_temple_entry_crystal_x, uniq_ijyb
D:6:      minmay_lizard_king, uniq_menkaure, uniq_blork_the_orc, uniq_duvessa
D:7:      kennysheep_little_box, bloody_trog,
          gammafunk_temple_overflow_elements, grunt_livestock
D:8:      dpeg_lair_monsters, serial_shops, nicolae_shop_statue_plus,
          uniq_pikel, uniq_maurice
D:9:      kennysheep_mini, serial_shops, nicolae_shop_behind_doors,
          hangedman_decor_lopped, kennysheep_cluttered_room,
          jmf_multi_god_temple2, uniq_erica, uniq_grum
D:10:     serial_shops, nicolae_shop_trees, uniq_sonja, uniq_fannar
D:11:     minmay_firetagon, orc_0_dummy, roderic_lattice_a,
          kennysheep_generic_room_3
D:13:     grunt_vaults_entry_fortified, enter_bailey_2,
          ebering_ghost_funeral_grove, minmay_fire_ice_demons, uniq_rupert
Temple:   nicolae_temple_no_exploring_needed

Skill      XL: |  1  2  3  4  5  6  7  8  9 10 11 12 |
---------------+-------------------------------------+-----
Axes           | 4 5 6 7 8 11 12 15 16 | 16.7
Fighting       | 4 5 6 7 8 10 11 | 11.0
Armour         | 3 4 5 7 8 9 10 | 10.4
Throwing       | 1 2 3 |  3.0
Shields        | 2 3 5 |  5.3
Stealth        | 1 |  1.8
Evocations     | 4 |  4.9
Unarmed Combat | 1 3 |  3.4
Dodging        | |  2.5

Action                   |  1- 3 |  4- 6 |  7- 9 | 10-12 || total
-------------------------+-------+-------+-------+-------++-------
Melee: Hand axe          |    86 |    97 |   356 |   450 ||   989
       Headbutt          |    11 |    21 |    56 |   108 ||   196
       Great mace        |       |       |       |    66 ||    66
Throw: Stone             |     5 |    12 |       |       ||    17
       Tomahawk          |       |       |    15 |    37 ||    52
       Javelin           |       |       |       |    14 ||    14
Invok: Berserk           |       |     1 |       |     4 ||     5
       Trog's Hand       |       |       |     1 |     5 ||     6
       Brothers in Arms  |       |       |       |     4 ||     4
Evoke: Wand              |       |       |       |     7 ||     7
       Lamp of fire      |       |       |       |     1 ||     1
  Use: Scroll            |       |     8 |     1 |     4 ||    13
       Potion            |       |       |       |     2 ||     2
  Eat: Chunk             |     2 |     6 |     9 |    19 ||    36
       Ration            |       |       |       |     3 ||     3
Armor: Animal skin       |    10 |       |       |       ||    10
       Ring mail         |    14 |    27 |    43 |    51 ||   135
       Plate armour      |       |       |       |    78 ||    78
Dodge: Dodged            |    71 |    68 |   190 |   267 ||   596
Block: Buckler           |       |    12 |    99 |   134 ||   245
       Reflection        |       |       |     2 |    11 ||    13
       Other             |       |       |       |    11 ||    11

Table legend:
 A = Spawn XP
 B = Non-spawn XP
 C = Spawn XP percentage of total XP
 D = Spawn monster count
 E = Non-spawn monster count
 F = Spawn count percentage of total count
 G = Total turns spent on level
                    A         B        C        D         E        F      G
               +---------+---------+-------+---------+---------+-------+---------
         Total |       0 |   30080 |   0.0 |       0 |     354 |   0.0 | 12072
               +---------+---------+-------+---------+---------+-------+---------
           D:1 |       0 |      37 |   0.0 |       0 |      27 |   0.0 |   839
           D:2 |       0 |      95 |   0.0 |       0 |      21 |   0.0 |  1031
           D:3 |       0 |     121 |   0.0 |       0 |      24 |   0.0 |   519
           D:4 |       0 |     445 |   0.0 |       0 |       9 |   0.0 |   749
           D:5 |       0 |     787 |   0.0 |       0 |      24 |   0.0 |   942
           D:6 |       0 |    1168 |   0.0 |       0 |      29 |   0.0 |   543
           D:7 |       0 |    2226 |   0.0 |       0 |      28 |   0.0 |  1286
           D:8 |       0 |    2159 |   0.0 |       0 |      31 |   0.0 |   737
           D:9 |       0 |    5038 |   0.0 |       0 |      50 |   0.0 |  1393
          D:10 |       0 |    3929 |   0.0 |       0 |      19 |   0.0 |  1488
          D:11 |       0 |    8018 |   0.0 |       0 |      47 |   0.0 |  1913
          D:12 |       0 |    2455 |   0.0 |       0 |      30 |   0.0 |   520
          D:13 |       0 |    3602 |   0.0 |       0 |      15 |   0.0 |   110
               +---------+---------+-------+---------+---------+-------+---------
